 Dungeon Crawl Stone Soup version 0.31-a0-523-g071a6c1ffa (webtiles) character file.

Game seed: 2028892949267304396

33 blaah the Slasher (level 3, -1/31 HPs)
             Began as a Gnoll Reaver on Aug 3, 2023.
             Slain by a kobold
             ... wielding a +0 whip of electrocution
              (8 damage)
             ... on level 2 of the Dungeon on Aug 11, 2023.
             The game lasted 00:03:20 (665 turns).

blaah the Slasher (Gnoll Reaver)                     Turns: 665, Time: 00:03:21

Health: -1/31      AC:  3    Str: 13    XL:     3   Next: 29%
Magic:  9/9        EV: 12    Int: 12    God:
Gold:   43         SH:  0    Dex: 10    Spells: 11/12 levels left

rFire   . . .        a - +0 falchion
rCold   . . .        (no shield)
rNeg    . . .        b - +0 leather armour
rPois   .            (no helmet)
rElec   .            (no cloak)
rCorr   .            (no gloves)
SInv    .            (no boots)
Will    .....        (no amulet)
Stlth   +            (no ring)
HPRegen 0.25/turn    (no ring)
MPRegen 0.11/turn

%: no passive effects
@: no status effects
A: fangs 1, strong nose, distributed training
a: no special abilities


You were on level 2 of the Dungeon.
You visited 1 branch of the dungeon, and saw 2 of its levels.

You collected 43 gold pieces.

Inventory:

Hand Weapons
 a - a +0 falchion (weapon)
Armour
 b - a +0 leather armour (worn)
Scrolls
 c - 2 scrolls of identify
 d - 2 scrolls of teleportation
 e - a scroll of revelation {unknown}
 f - a scroll of fog
Potions
 g - a potion of curing


   Skills:
 + Level 4.5 Fighting
 + Level 0.7 Short Blades
 + Level 6.5 Long Blades
 + Level 0.7 Axes
 + Level 0.7 Maces & Flails
 + Level 0.7 Polearms
 + Level 0.7 Staves
 + Level 0.7 Ranged Weapons
 + Level 0.7 Throwing
 + Level 0.7 Armour
 + Level 4.5 Dodging
 + Level 0.7 Stealth
 + Level 0.7 Shields
 + Level 0.7 Unarmed Combat
 + Level 5.0 Spellcasting
 + Level 5.4 Conjurations
 + Level 0.5 Hexes
 + Level 0.5 Summonings
 + Level 0.5 Necromancy
 + Level 0.5 Translocations
 + Level 0.5 Transmutations
 + Level 0.5 Fire Magic
 + Level 0.5 Ice Magic
 + Level 0.5 Air Magic
 + Level 0.5 Earth Magic
 + Level 0.5 Poison Magic
 + Level 0.9 Invocations
 + Level 0.7 Evocations
 + Level 0.5 Shapeshifting


You had 11 spell levels left.
You knew the following spells:

 Your Spells              Type           Power      Damage    Failure   Level
a - Kiss of Death         Conj/Necr      40%        2d8       8%          1

Your spell library contained the following spells:

 Spells                   Type           Power      Damage    Failure   Level
 Momentum Strike          Conj/Tloc      20%        3d8       12%         2
 Hailstorm                Conj/Ice       10%        3d5       22%         3
 Call Canine Familiar     Summ           4%         N/A       52%         3
 Portal Projectile        Hex/Tloc       8%         N/A       52%         3
 Leda's Liquefaction      Hex/Erth       2%         N/A       90%         4


Dungeon Overview and Level Annotations

Branches:
Dungeon (2/15)

Altars:


Innate Abilities, Weirdness & Mutations

You have very sharp teeth.
Your uncanny sense of smell can sniff out nearby items.
Your experience applies equally to all skills.


Message History

A hobgoblin comes into view.
The hobgoblin shouts!
You slash the hobgoblin!
You kill the hobgoblin!
There is a stone staircase leading down here.
You climb downwards.
Found a dark potion.
Found an escape hatch in the floor.
There is a stone staircase leading up here.
A giant cockroach comes into view.
The kobold shouts!
You hit the giant cockroach. Your bite misses the giant cockroach.
The giant cockroach is moderately wounded.
The giant cockroach misses you.
You hit the giant cockroach.
The giant cockroach is severely wounded.
The giant cockroach bites you but does no damage.
The kobold closely misses you.
You hit the giant cockroach. Your bite misses the giant cockroach.
The giant cockroach is almost dead.
The giant cockroach bites you.
The kobold hits you with a +0 whip of electrocution.
You hit the giant cockroach.
You kill the giant cockroach!
The kobold closely misses you. The kobold barely misses you.
You see here a giant cockroach corpse.
You closely miss the kobold. Your bite misses the kobold.
The kobold closely misses you.
The kobold hits you with a +0 whip of electrocution.
You are electrocuted!
The kobold barely misses you.
Found an escape hatch in the ceiling.
The kobold barely misses you. The kobold completely misses you.
You barely miss the kobold. The kobold barely misses you.
The kobold hits you but does no damage.
You closely miss the kobold. Your bite misses the kobold.
The kobold hits you with a +0 whip of electrocution.
* * * LOW HITPOINT WARNING * * *
You are electrocuted!
You die...

... ##########
.<
#........#..
#........#.
#.........∆
#........#
#.>......#
#......@.#
#....!..K#####
#.......†....#
#######.#<...#
#.#.#### #.#..
...... .......
####.####


You could see a kobold.

Vanquished Creatures
  2 dart slugs (D:1)
  3 endoplasms (D:1)
  3 giant cockroaches
  3 goblins (D:1)
  4 hobgoblins (D:1)
  A kobold (D:1)
  2 quokkas (D:1)
  3 bats (D:1)
  A frilled lizard (D:1)
  4 rats (D:1)
26 creatures vanquished.

Notes
Turn   | Place    | Note
-------+----------+-------------------------------------------
     0 | D:1      | blaah the Gnoll Reaver began the quest for the Orb.
     0 | D:1      | Reached XP level 1. HP: 20/20 MP: 6/6
   150 | D:1      | Reached XP level 2. HP: 15/26 MP: 7/7
   347 | D:1      | Reached XP level 3. HP: 20/31 MP: 9/9
   351 | D:1      | Reached skill level 5 in Spellcasting
   368 | D:1      | Upgraded the game from 0.31-a0-455-g1a7b003ef0 to
                  | 0.31-a0-523-g071a6c1ffa
   665 | D:2      | Slain by a kobold

Illustrated notes

Levels and vault maps discovered:
D:1:      eino_arrival_druids_welcome, layout_rooms, kennysheep_pointless_box
D:2:      layout_basic, minmay_misc_feat_rows

Skill      XL: |  1  2  3 |
---------------+----------+-----
Spellcasting   | 5 |  5.0
Fighting       | |  4.5
Short Blades   | |  0.7
Long Blades    | |  6.5
Axes           | |  0.7
Maces & Flails | |  0.7
Polearms       | |  0.7
Staves         | |  0.7
Ranged Weapons | |  0.7
Throwing       | |  0.7
Armour         | |  0.7
Dodging        | |  4.5
Stealth        | |  0.7
Shields        | |  0.7
Unarmed Combat | |  0.7
Conjurations   | |  5.4
Hexes          | |  0.5
Summonings     | |  0.5
Necromancy     | |  0.5
Translocations | |  0.5
Transmutations | |  0.5
Fire Magic     | |  0.5
Ice Magic      | |  0.5
Air Magic      | |  0.5
Earth Magic    | |  0.5
Poison Magic   | |  0.5
Invocations    | |  0.9
Evocations     | |  0.7
Shapeshifting  | |  0.5

Action                     || total
---------------------------++-------
  Melee: Falchion          ||    89
         Bite              ||    11
   Cast: Kiss of Death     ||     1
    Use: Scroll            ||     3
         Potion            ||     1
 Armour: Leather armour    ||    31
  Dodge: Dodged            ||    82

Table legend: (Time is in decaauts)
 A = Elapsed time spent in this place.
 B = Non-inter-level travel time spent in this place.
 C = Inter-level travel time spent in this place.
 D = Time resting spent in this place.
 E = Time spent auto-exploring this place.
 F = Levels seen in this place.
 G = Mean time per level.
                   A        B        C        D        E       F      G
               +--------+--------+--------+--------+--------+-----+--------+
         Total |    662 |    662 |      0 |      0 |    219 |   2 |  331.0 |
       Dungeon |    662 |    662 |      0 |      0 |    219 |   2 |  331.0 |
               +--------+--------+--------+--------+--------+-----+--------+

Top non-repeatable levels by time:
     D:1: 648 daAuts
     D:2: 13 daAuts
